 Dungeon Crawl Stone Soup version 0.22-a0-422-g9628fc8 (webtiles) character file.

28 CapnJeff the Grave Robber (level 3, 0/25 HPs)
             Began as a Gnoll Necromancer on May 22, 2018.
             Was an Initiate of Nemelex Xobeh.
             Slain by Jessica
             ... wielding a +0 club
              (2 damage)
             ... on level 2 of the Dungeon.
             The game lasted 00:08:13 (976 turns).

CapnJeff the Grave Robber (Gnoll Necromancer)        Turns: 976, Time: 00:08:14

Health: 0/25       AC:  6    Str: 10    XL:     3   Next: 12%
Magic:  18/18      EV: 10    Int: 18    God:    Nemelex Xobeh [......]
Gold:   71         SH:  0    Dex: 15    Spells: 10/12 levels left

rFire    . . .     SeeInvis .   d - +0 short sword
rCold    . . .     Gourm    .   (no shield)
rNeg     . . .     Faith    .   j - +0 scale mail
rPois    .         Spirit   .   (no helmet)
rElec    .         Reflect  .   (no cloak)
rCorr    .         Harm     .   (no gloves)
MR       .....                  (no boots)
Stlth    +.........             (no amulet)
HPRegen  0.08/turn              i - ring of magical power
MPRegen  0.16/turn              (no ring)

@: no status effects
A: distributed training, fangs 1, strong nose
a: Renounce Religion


You were on level 2 of the Dungeon.
You worshipped Nemelex Xobeh.
Nemelex Xobeh was noncommittal.
You were not hungry.

You visited 1 branch of the dungeon, and saw 2 of its levels.

You collected 71 gold pieces.

Inventory:

Hand Weapons
 d - a +0 short sword (weapon)
Armour
 a - a +0 robe
 e - a +0 ring mail
 j - a +0 scale mail (worn)
Jewellery
 i - a ring of magical power (left hand)
Scrolls
 b - a scroll of identify {unknown}
 g - a scroll of fog {unknown}
 h - a scroll of magic mapping {unknown}
Miscellaneous
 k - an ornate deck of summoning {drawn: 1}
Comestibles
 c - 2 rations
 f - 4 chunks of flesh


   Skills:
 + Level 0.6 Fighting
 + Level 0.6 Short Blades
 + Level 0.6 Long Blades
 + Level 0.6 Axes
 + Level 0.6 Maces & Flails
 + Level 0.6 Polearms
 + Level 0.6 Staves
 + Level 0.6 Slings
 + Level 0.6 Bows
 + Level 0.6 Crossbows
 + Level 0.6 Throwing
 + Level 0.6 Armour
 + Level 4.5 Dodging
 + Level 4.1 Stealth
 + Level 0.6 Shields
 + Level 0.6 Unarmed Combat
 + Level 5.0 Spellcasting
 + Level 0.4 Conjurations
 + Level 0.4 Hexes
 + Level 0.4 Charms
 + Level 0.4 Summonings
 + Level 7.1 Necromancy
 + Level 0.4 Translocations
 + Level 0.4 Transmutations
 + Level 0.4 Fire Magic
 + Level 0.4 Ice Magic
 + Level 0.4 Air Magic
 + Level 0.4 Earth Magic
 + Level 0.4 Poison Magic
 + Level 0.8 Invocations
 + Level 0.6 Evocations


You had 10 spell levels left.
You knew the following spells:

 Your Spells              Type           Power        Failure   Level  Hunger
a - Pain                  Necr           ####         4%          1    None
b - Animate Skeleton      Necr           N/A          4%          1    None

Your spell library contained the following spells:

 Spells                   Type           Power        Failure   Level  Hunger
 Animate Dead             Necr           N/A          45%         4    ####...
 Vampiric Draining        Necr           ####......   16%         3    ##.....
 Regeneration             Chrm/Necr      ###.......   52%         3    ##.....


Dungeon Overview and Level Annotations

Branches:
Dungeon (2/15)

Altars:
Nemelex Xobeh

Annotations:
D:2 Jessica


Innate Abilities, Weirdness & Mutations

Your experience applies equally to all skills.
You have very sharp teeth.
Your uncanny sense of smell can sniff out nearby items.


Message History

You aren't carrying any potions.
Okay, then.
You hit Jessica.
Jessica is severely wounded.
Jessica completely misses you. Jessica closely misses you.
You hit Jessica.
Jessica is almost dead.
Jessica mumbles some strange words.
Jessica blinks!
You hit Jessica but do no damage.
Jessica is almost dead.
Jessica closely misses you. Jessica barely misses you.
You closely miss Jessica.
Jessica is almost dead.
Jessica barely misses you.
You hit Jessica but do no damage.
Jessica is almost dead.
Jessica closely misses you. Jessica hits you with a club.
You die...
Your body disappears without a glow.

.......
#.....#####......####
.......
#..<..#...'......'..#
.......
#.....#.###......##.#
####### #@#####.#
#......##.# #.# #.#
#########.#
#.#####.##### #...#.#
#....##.#... #.#.#..
####@##.#.###.#.#.###
#@##.......#.#.# #
#.####.#####.#.###
#.####.# #.#....
#......# #......
######## #######


You could see Jessica.

Vanquished Creatures
  An ooze (D:2)
  An orc (D:2)
  A giant cockroach (D:1)
  A goblin (D:1)
  2 hobgoblins
  3 kobolds (D:1)
  3 bats (D:1)
  A frilled lizard (D:1)
  A rat (D:1)
14 creatures vanquished.

Vanquished Creatures (collateral kills)
  An ooze (D:2)
  A dart slug (D:2)
  3 hobgoblins (D:2)
  A goblin (D:1)
6 creatures vanquished.

Grand Total: 20 creatures vanquished

Notes
Turn   | Place    | Note
-------+----------+-------------------------------------------
     0 | D:1      | CapnJeff the Gnoll Necromancer began the quest for the Orb.
     0 | D:1      | Reached XP level 1. HP: 13/13 MP: 6/6
    10 | D:1      | Learned a level 1 spell: Animate Skeleton
   197 | D:1      | Reached XP level 2. HP: 17/19 MP: 7/7
   667 | D:2      | Found a sparkling altar of Nemelex Xobeh.
   700 | D:2      | Became a worshipper of Nemelex Xobeh the Trickster
   774 | D:2      | Received a gift from Nemelex Xobeh
   782 | D:2      | Reached XP level 3. HP: 20/25 MP: 9/9
   808 | D:2      | Reached skill level 5 in Spellcasting
   942 | D:2      | Noticed Jessica
   961 | D:2      | HP: 1/25 [Jessica/club (5)]
   976 | D:2      | Slain by Jessica

Vault maps used:
D:1:      dpeg_arrival_connections
D:2:      nemelex_dance_club_becter, uniq_jessica

Skill      XL: |  1  2  3 |
---------------+----------+-----
Spellcasting   | 5 |  5.0
Fighting       | |  0.6
Short Blades   | |  0.6
Long Blades    | |  0.6
Axes           | |  0.6
Maces & Flails | |  0.6
Polearms       | |  0.6
Staves         | |  0.6
Slings         | |  0.6
Bows           | |  0.6
Crossbows      | |  0.6
Throwing       | |  0.6
Armour         | |  0.6
Dodging        | |  4.5
Stealth        | |  4.1
Shields        | |  0.6
Unarmed Combat | |  0.6
Conjurations   | |  0.4
Hexes          | |  0.4
Charms         | |  0.4
Summonings     | |  0.4
Necromancy     | |  7.1
Translocations | |  0.4
Transmutations | |  0.4
Fire Magic     | |  0.4
Ice Magic      | |  0.4
Air Magic      | |  0.4
Earth Magic    | |  0.4
Poison Magic   | |  0.4
Invocations    | |  0.8
Evocations     | |  0.6

Action                   || total
-------------------------++-------
Melee: Short sword       ||    53
       Bite              ||     3
 Cast: Pain              ||     2
       Animate Skeleton  ||     4
Evoke: Deck              ||     1
Armor: Robe              ||     5
       Ring mail         ||     6
       Scale mail        ||     1
Dodge: Dodged            ||    36

Table legend:
 A = Spawn XP
 B = Non-spawn XP
 C = Spawn XP percentage of total XP
 D = Spawn monster count
 E = Non-spawn monster count
 F = Spawn count percentage of total count
 G = Total turns spent on level
                    A         B        C        D         E        F      G
               +---------+---------+-------+---------+---------+-------+---------
         Total |       0 |      40 |   0.0 |       0 |      20 |   0.0 |   976
               +---------+---------+-------+---------+---------+-------+---------
           D:1 |       0 |      17 |   0.0 |       0 |      12 |   0.0 |   647
           D:2 |       0 |      23 |   0.0 |       0 |       8 |   0.0 |   329
               +---------+---------+-------+---------+---------+-------+---------
